 Dungeon Crawl Stone Soup version 0.16.1-28-gcc2312f (webtiles) character file.

226 Kidiri the Slasher (level 5, -11/41 HPs)
             Began as a Demonspawn Chaos Knight on May 28, 2015.
             Mangled by a goliath beetle (18 damage)
             ... on level 4 of the Dungeon.
             The game lasted 00:14:15 (2973 turns).

Kidiri the Slasher (Demonspawn Chaos Knight)        Turns: 2973, Time: 00:14:16

Health: -11/41     AC:  9    Str: 13      XL:     5   Next: 69%
Magic:  0/5        EV: 11    Int: 13 (14) God:    Xom [..*...]
Gold:   168        SH:  0    Dex: 12      Spells: 0 memorised, 4 levels left

rFire  . . .     SeeInvis .     a - +0 falchion (chaos)
rCold  . . .     Clarity  .     f - +0 ring mail
rNeg   . . .     SustAb   .     (no shield)
rPois  .         Gourm    .     d - +0 helmet
rElec  .         Spirit   +     k - +0 cloak
rCorr  .         Warding  .     (no gloves)
rMut   .         Stasis   .     g - +0 pair of boots
MR     .....                    (no amulet)
Stlth  +.........               (no ring)
                                (no ring)

@: not resistant to hostile enchantments, very unstealthy
A: talons 1, deterioration 1, screaming 1, spiny 3, magic shield
a: Renounce Religion


You were on level 4 of the Dungeon.
You worshipped Xom.
You were a toy of Xom.
You were not hungry.

You visited 1 branch of the dungeon, and saw 4 of its levels.

You collected 168 gold pieces.

Inventory:

Hand weapons
 a - a +0 falchion of chaos (weapon)
Missiles
 b - 4 tomahawks of returning (quivered)
Armour
 d - a +0 helmet (worn)
 f - a +0 ring mail (worn)
 g - a +0 pair of boots (worn)
 k - a +0 cloak (worn)
Scrolls
 e - 4 scrolls of teleportation
 i - a scroll of identify
Potions
 h - a potion of berserk rage {unknown}
Comestibles
 c - 3 bread rations
 j - 3 chunks of flesh


   Skills:
 + Level 3.6 Fighting
 * Level 3.9 Long Blades
 * Level 3.6 Armour
 + Level 2.0 Dodging


You had 4 spell levels left.
You didn't know any spells.

Dungeon Overview and Level Annotations

Branches:
Dungeon (4/15)
 Temple: D:4-7

Altars:
Nemelex Xobeh
Okawaru
Sif Muna
Trog
Zin


Innate Abilities, Weirdness & Mutations

You are completely covered in sharp spines.
When hurt, damage is shared between your health and your magic reserves.
You have sharp toenails.
Your body is slowly deteriorating.
You occasionally shout uncontrollably at your foes.


Message History

A goliath beetle comes into view.
The goliath beetle twitches its antennae in your direction.
You see here a potion of heal wounds.
You hit the goliath beetle but do no damage.
The goliath beetle flickers and vanishes!
Deactivating autopickup; reactivate with Ctrl-A.
Xom is getting BORED.
Something bites you!
You hit something but do no damage. You hit something. You freeze something.
Something bites you!!
Ouch! That really hurt!
* * * LOW HITPOINT WARNING * * *
You slash something!
Nothing appears to happen.
You are now a BORING thing.
You hit something. You burn something.
Xom's power touches on you for a moment.
You are now a toy of Xom.
Something bites you!!
You die...
Xom is highly amused!

#...#
#...#
#...#
#.!.#
#...#
#...#
#.vv#
##.##
#@#
#{#
≈.≈
#≈.≈#
#§.≈#
#...#
##.##
..#
..#


You could see 2 spatial vortices.

Vanquished Creatures
  An ogre (D:3)
  3 gnolls (D:3)
  3 adders
  3 worms (D:2)
  4 giant geckos
  An ooze (D:2)
  3 orcs (D:3)
  2 ball pythons (D:3)
  6 bats
  6 giant cockroaches
  10 goblins
  4 hobgoblins
  3 quokkas
  4 giant newts
  9 kobolds
  8 rats
70 creatures vanquished.

Notes
Turn   | Place    | Note
--------------------------------------------------------------
     0 | D:1      | Kidiri, the Demonspawn Chaos Knight, began the quest for the Orb.
     0 | D:1      | Reached XP level 1. HP: 18/18 MP: 1/1
    75 | D:1      | Reached skill level 1 in Dodging
   133 | D:1      | XOM: divination: detect items
   136 | D:1      | Gained mutation: When hurt, damage is shared between your health and your magic reserves. [demonic ancestry]
   136 | D:1      | Reached XP level 2. HP: 17/24 MP: 2/2
   184 | D:1      | You fall through a shaft!
   460 | D:1      | XOM: 1-stop teleportation journey
   502 | D:1      | XOM: 5-stop teleportation journey
   640 | D:1      | XOM: harmless Divn miscast
   654 | D:1      | XOM: harmless Erth miscast
  1008 | D:1      | XOM: harmless Divn miscast
  1074 | D:1      | Gained mutation: You are partially covered in sharp spines. [demonic ancestry]
  1074 | D:1      | Reached XP level 3. HP: 29/29 MP: 3/3
  1380 | D:2      | XOM: silly message
  1781 | D:2      | Gained mutation: You are mostly covered in sharp spines. [demonic ancestry]
  1781 | D:2      | Reached XP level 4. HP: 30/35 MP: 4/4
  1842 | D:2      | XOM: chaos upgrade
  1911 | D:2      | XOM: blink monster(s)
  1929 | D:2      | Found a deep blue altar of Sif Muna.
  1947 | D:2      | Found an iron altar of Okawaru.
  1976 | D:2      | Found a glowing silver altar of Zin.
  1987 | D:2      | Found a sparkling altar of Nemelex Xobeh.
  2128 | D:3      | Found a bloodstained altar of Trog.
  2159 | D:3      | XOM: harmless Summ miscast
  2473 | D:3      | XOM: give mutations
  2473 | D:3      | Gained mutation: Your body is slowly deteriorating. [Xom's mischief]
  2473 | D:3      | Gained mutation: You occasionally shout uncontrollably at your foes. [Xom's mischief]
  2473 | D:3      | Gained mutation: You are completely covered in sharp spines. [Xom's mischief]
  2473 | D:3      | Gained mutation: You have sharp toenails. [Xom's mischief]
  2573 | D:3      | XOM: confusion (+ monsters)
  2761 | D:3      | Reached XP level 5. HP: 39/41 MP: 3/5
  2779 | D:3      | XOM: stat loss: -1 Int (13/14)
  2863 | D:3      | Noticed an ogre
  2869 | D:3      | XOM: noise
  2871 | D:3      | XOM: noise
  2876 | D:3      | Killed an ogre
  2973 | D:4      | XOM is BORED!
  2973 | D:4      | XOM: medium Tloc miscast
  2973 | D:4      | Mangled by a goliath beetle

Action                   |  1- 3 |  4- 6 || total
-------------------------+-------+-------++-------
Melee: Falchion          |   117 |    99 ||   216
  Use: Potion            |     2 |     1 ||     3
       Scroll            |     2 |     2 ||     4
 Stab: Confused          |     1 |       ||     1
       Petrifying        |       |     1 ||     1
  Eat: Chunk             |     3 |     4 ||     7
